 Dungeon Crawl Stone Soup version 0.19-a0-1341-g3513869 (webtiles) character file.

107 Amnesiac the Chopper (level 4, -4/41 HPs)
             Began as a Hill Orc Berserker on Sept 2, 2016.
             Was a Believer of Trog.
             Slain by an orc wizard
             ... wielding a +0 dagger
              (6 damage)
             ... on level 4 of the Dungeon.
             The game lasted 00:03:22 (1042 turns).

Amnesiac the Chopper (Hill Orc Berserker)           Turns: 1042, Time: 00:03:23

Health: -4/41      AC:  2    Str: 21    XL:     4   Next: 86%
Magic:  4/4        EV: 12    Int:  7    God:    Trog [**....]
Gold:   73         SH:  0    Dex: 11    Spells: 0 memorised, 3 levels left

rFire  + . .     SeeInvis +     p - +0 war axe
rCold  + . .     Gourm    .     b - +0 animal skin
rNeg   . . .     Faith    .     (no shield)
rPois  +         Spirit   .     (no helmet)
rElec  +         Dismiss  .     (no cloak)
rCorr  +         Reflect  .     (no gloves)
MR     .....     Harm     .     (no boots)
Stlth  +.........               (no amulet)
                                n - ring of see invisible
                                d - -3 ring of strength (curse)

@: mighty, exhausted, resistant, slowed, very slow
A: no striking features
a: Berserk, Trog's Hand, Burn Spellbooks, Renounce Religion


You were on level 4 of the Dungeon.
You worshipped Trog.
Trog was pleased with you.
You were hungry.

You visited 1 branch of the dungeon, and saw 4 of its levels.

You collected 73 gold pieces.

Inventory:

Hand Weapons
 a - a +0 hand axe
 p - a +0 war axe (weapon)
Armour
 b - a +0 animal skin (worn)
Jewellery
 d - a cursed -3 ring of strength (left hand)
 n - a ring of see invisible (right hand)
Scrolls
 e - a scroll of fear {unknown}
 g - 2 scrolls of identify {unknown}
 h - a scroll of fog {unknown}
 l - 2 scrolls of teleportation {unknown}
 m - a scroll of enchant armour {unknown}
 o - a scroll of random uselessness {unknown}
Potions
 f - a potion of resistance
Comestibles
 c - 2 bread rations
 j - a chunk of flesh


   Skills:
 + Level 4.7 Fighting
 * Level 6.2 Axes
 - Level 2.1 Armour
 - Level 1.5 Dodging


You had 3 spell levels left.
You didn't know any spells.

Dungeon Overview and Level Annotations

Branches:
Dungeon (4/15)
 Temple: D:4-7

Altars:
Ru


Message History

It was a potion of resistance.
You feel protected. The orc wizard misses you.
The orc wizard hits you with a dagger.
* * * LOW HITPOINT WARNING * * *
There is a stone staircase leading down, spattered with blood here.
Things that are here:
a dagger; a robe A jackal comes into view.
The jackal moves out of view.
The jackal barks!
The orc wizard hits you but does no damage.
The orc wizard gestures at you while chanting.
The magic dart hits you!
* * * LOW HITPOINT WARNING * * *
It was a potion of magic.
Magic courses through your body.
It was a potion of might.
You feel very mighty all of a sudden. The orc wizard barely misses you.
The orc wizard hits you with a dagger.
You die...

# ###### #. #....# ...
#.### #@# ... #...###o#
.... #.>..h# .....
#%##..#
.....#######)###.## #
..........##.###..#.#
.......o..##.##...#.####.
..........##.#...........
....o.%...##...#....####


You could see an orc wizard and a jackal.

Vanquished Creatures
  An orc wizard (D:4)
  Ijyb (D:3)
  An adder (D:2)
  3 worms (D:2)
  A dart slug (D:4)
  8 orcs
  3 hobgoblins
  2 jackals (D:2)
  3 bats
  A giant newt (D:2)
  2 kobolds
  3 rats (D:2)
29 creatures vanquished.

Notes
Turn   | Place    | Note
-------+----------+-------------------------------------------
     0 | D:1      | Amnesiac the Hill Orc Berserker began the quest for the Orb.
     0 | D:1      | Reached XP level 1. HP: 19/19 MP: 1/1
   407 | D:2      | Reached XP level 2. HP: 19/27 MP: 2/2
   653 | D:2      | Found a sacrificial altar of Ru.
   662 | D:2      | Reached XP level 3. HP: 21/33 MP: 3/3
   702 | D:2      | Reached skill level 5 in Axes
   811 | D:3      | Noticed Ijyb
   832 | D:3      | Killed Ijyb
   832 | D:3      | Reached XP level 4. HP: 41/41 MP: 4/4
  1022 | D:4      | Reached skill level 6 in Axes
  1028 | D:4      | Reached ** piety under Trog
  1039 | D:4      | HP: 2/41 [orc wizard/magic dart (8)]
  1042 | D:4      | Slain by an orc wizard

Vault maps used:
D:1:      evilmike_arrival_run_for_it, minmay_misc_feat_ornament, minivault_11
D:2:      nicolae_ru_awakened_eye, first_bread
D:3:      uniq_iyjb
D:4:      kennysheep_kobold_camp, bloody_trog, serial_glass, glass_columns_a,
          glass_columns_b

Skill      XL: |  1  2  3  4 |
---------------+-------------+-----
Fighting       | 4 |  4.7
Axes           | 5 6 |  6.2
Armour         | |  2.1
Dodging        | |  1.5

Action                   |  1- 3 |  4- 6 || total
-------------------------+-------+-------++-------
Melee: Hand axe          |    93 |    20 ||   113
Invok: Berserk           |     4 |     1 ||     5
  Use: Potion            |       |     3 ||     3
  Eat: Chunk             |     3 |     2 ||     5
Armor: Animal skin       |    28 |     4 ||    32
Dodge: Dodged            |    61 |    10 ||    71
